 Dungeon Crawl Stone Soup version 0.31-a0-1172-g9944ec47dd (webtiles) character file.

Game seed: 1148306069613201864

300 qw the Shooter (level 6, -7/38 HPs)
             Began as a Gargoyle Hunter on Dec 10, 2023.
             Mangled by an orc warrior
             ... wielding a +0 flail
              (12 damage)
             ... on level 3 of the Dungeon.
             The game lasted 00:00:49 (2167 turns).

qw the Shooter (Gargoyle Hunter)                    Turns: 2167, Time: 00:00:49

Health: -7/38      AC: 12    Str: 14    XL:     6   Next: 36%
Magic:  6/6        EV: 10    Int: 10    God:
Gold:   89         SH:  0    Dex: 15    Spells: 5/5 levels left

rFire   . . .        a - +0 shortbow
rCold   . . .        (shield currently unavailable)
rNeg    + . .        i - +0 ring mail
rPois   inf          k - +2 helmet
rElec   +            (no cloak)
rCorr   .            (no gloves)
SInv    .            (no boots)
Will    .....        (no amulet)
Stlth   +            (no ring)
HPRegen 0.26/turn    (no ring)
MPRegen 0.10/turn

%: no passive effects
@: no status effects
A: sickness immunity, AC +4, negative energy resistance 1, electricity
resistance, torment resistance 1, petrification resistance
a: no special abilities


You were on level 3 of the Dungeon.
You visited 1 branch of the dungeon, and saw 3 of its levels.

You collected 89 gold pieces.


Innate Abilities, Weirdness & Mutations

You are immune to sickness and miasma.
Your stone body is resilient. (AC +4)
You are immune to poison.
You resist negative energy. (rN+)
You are resistant to electric shocks. (rElec)
You are resistant to unholy torment.
You are immune to petrification.


   Skills:
 + Level 3.7 Fighting
 - Level 6.7 Ranged Weapons
 - Level 1.0 Armour
 - Level 1.5 Dodging
 - Level 1.1 Stealth


You had 5 spell levels left.
You didn't know any spells.
Your spell library was empty.

Inventory:

Hand Weapons
 a - a +0 shortbow (weapon)
Armour
 e - a +0 cloak
 i - a +0 ring mail (worn)
 k - a +2 helmet (worn)
Jewellery
 d - a ring of see invisible
Scrolls
 c - a scroll of enchant weapon {unknown}
 h - a scroll of identify
Potions
 b - a potion of enlightenment
 f - a potion of haste
 g - a potion of curing

Dungeon Overview and Level Annotations

Branches:
Dungeon (3/15)

Altars:
Fedhas


Message History

The orc hits you with a +0 hand axe. The orc warrior closely misses you.
The goblin hits you but does no damage. x2
You shoot an arrow. The arrow hits Robin.
Robin is almost dead.
Robin hits you but does no damage. The goblin hits you but does no damage.
The orc closely misses you. The orc warrior completely misses you.
The goblin hits you but does no damage. The goblin barely misses you.
You shoot an arrow. The arrow hits Robin.
You kill Robin!
The goblin completely misses you.
The orc warrior hits you with a +0 flail.
The goblin hits you but does no damage. The orc closely misses you.
The goblin hits you but does no damage.
You shoot an arrow.
The arrow hits the orc warrior but does no damage.
The goblin barely misses you.
The orc warrior hits you with a +0 flail.
The goblin hits you but does no damage. The orc barely misses you.
The goblin hits you but does no damage. The goblin misses you.
You shoot an arrow.
The arrow closely misses the orc warrior.
The arrow closely misses the orc.
The goblin hits you but does no damage. x2
The orc warrior hits you but does no damage.
The goblin hits you but does no damage. x2; The orc barely misses you.
The goblin hits you with a +0 club. The orc hits you with a +0 hand axe.
The goblin hits you but does no damage. The orc warrior barely misses you.
The goblin hits you but does no damage. x2
You shoot an arrow.
The arrow hits the orc warrior but does no damage.
The goblin barely misses you.
The orc warrior hits you with a +0 flail.
The goblin hits you with a +0 dagger. The orc hits you with a +0 hand axe.
The goblin hits you but does no damage. The goblin hits you with a +0 club.
You shoot an arrow.
The arrow hits the orc warrior but does no damage.
The goblin no longer looks unusually strong.
The goblin misses you.
The orc warrior hits you with a +0 flail!
You die...

###.## #...# #...# #...#
#...# # # ##...### #
#.##########.%....###
##.#[.ogg...............
.>...oo@g...............
##.###g########......##.
#g #......##. #g
.......### #g ..########
.. ...# ###. ). ...#
#.[. .. .# #... #...


You could see an orc warrior, 2 orcs, 2 hobgoblins and 5 goblins.

Vanquished Creatures
  Grinder (D:2)
  Terence (D:2)
  Robin (D:3)
  4 adders (D:2)
  4 ball pythons
  4 bats
  4 endoplasms
  4 giant cockroaches
  7 goblins
  6 hobgoblins
  2 quokkas (D:3)
  A frilled lizard (D:1)
  5 kobolds
  2 rats
46 creatures vanquished.

Notes
Turn   | Place    | Note
-------+----------+-------------------------------------------
     0 | D:1      | qw the Gargoyle Hunter began the quest for the Orb.
     0 | D:1      | Reached XP level 1. HP: 12/12 MP: 1/1
     0 | D:1      | 0 ||| qw: Version: 0.3-a-106-gc739b70
     0 | D:1      | 0 ||| qw: Game counter: 1945
     0 | D:1      | 0 ||| qw: Melee chars always use a shield: true
     0 | D:1      | 0 ||| qw: God list: Okawaru
     0 | D:1      | 0 ||| qw: Allow faded altars: false
     0 | D:1      | 0 ||| qw: Do Orc after clearing Dungeon:15 true
     0 | D:1      | 0 ||| qw: Do second Lair branch before Depths: true
     0 | D:1      | 0 ||| qw: Lair rune preference: random
     0 | D:1      | 0 ||| qw: Goals: Normal, Save, Zot:1-4, Win
     0 | D:1      | 0 ||| PLANNING D:1-11
    40 | D:1      | Reached XP level 2. HP: 17/17 MP: 2/2
   754 | D:1      | 754 ||| UPGRADING to +0 ring mail.
   764 | D:1      | 764 ||| DROPPING +0 leather armour.
   765 | D:1      | 765 ||| UPGRADING to +0 helmet.
   770 | D:1      | 770 ||| READING scroll labelled CUDIZU ULANK.
   771 | D:1      | 771 ||| READING 2 scrolls labelled RYEDUR LIGU.
   771 | D:1      | 771 ||| IDENTIFYING dark potion
   772 | D:1      | 772 ||| READING scroll of identify.
   772 | D:1      | 772 ||| IDENTIFYING sedimented coppery potion
   773 | D:1      | 773 ||| READING scroll labelled DEUTEODOSI.
   774 | D:1      | 774 ||| DROPPING scroll of butterflies.
   943 | D:2      | Reached skill level 1 in Armour
   943 | D:2      | Reached XP level 3. HP: 21/21 MP: 3/3
  1116 | D:2      | Reached skill level 5 in Ranged Weapons
  1212 | D:2      | Reached XP level 4. HP: 23/27 MP: 4/4
  1239 | D:2      | Noticed Terence
  1255 | D:2      | Killed Terence
  1256 | D:2      | Reached skill level 3 in Fighting
  1552 | D:2      | 1552 ||| READING 3 scrolls of identify.
  1552 | D:2      | 1552 ||| IDENTIFYING golden potion
  1553 | D:2      | 1553 ||| READING 2 scrolls of identify.
  1553 | D:2      | 1553 ||| IDENTIFYING scroll labelled ZEIREN IM SAA
  1554 | D:2      | 1554 ||| READING scroll of identify.
  1554 | D:2      | 1554 ||| IDENTIFYING scroll labelled TOBOTI EHUIDOF
  1555 | D:2      | 1555 ||| READING scroll of enchant armour.
  1555 | D:2      | 1555 ||| ENCHANTING +0 helmet.
  1556 | D:2      | 1556 ||| DROPPING scroll of poison.
  1557 | D:2      | 1557 ||| DROPPING potion of degeneration.
  1585 | D:3      | Noticed Grinder
  1588 | D:3      | 1588 ||| STAIRDANCE
  1594 | D:2      | Paralysed by Grinder for 4 turns
  1598 | D:2      | HP: 7/28 [Grinder (1)]
  1611 | D:2      | HP: 7/28 [Grinder (4)]
  1611 | D:2      | HP: 3/28 [Grinder (2)]
  1612 | D:2      | Killed Grinder
  1613 | D:2      | Reached skill level 6 in Ranged Weapons
  1613 | D:2      | Reached XP level 5. HP: 3/32 MP: 5/5
  1613 | D:2      | Reached XP level 6. HP: 4/37 MP: 6/6
  1774 | D:3      | Found a blossoming altar of Fedhas.
  1869 | D:3      | 1869 ||| READING scroll of identify.
  1869 | D:3      | 1869 ||| IDENTIFYING silvery potion
  2151 | D:3      | 2151 ||| READING scroll of enchant armour.
  2151 | D:3      | 2151 ||| ENCHANTING +1 helmet.
  2154 | D:3      | Noticed Robin
  2155 | D:3      | Noticed an orc warrior
  2163 | D:3      | Killed Robin
  2166 | D:3      | HP: 9/38 [goblin/+0 dagger[Robin] (1)]
  2167 | D:3      | Mangled by an orc warrior

Levels and vault maps discovered:
D:1:      heliophobic_arrival_enchanted_forest, layout_loops_corners
D:2:      layout_loops_cross, nicolae_half_adder, uniq_terence
D:3:      cheibrodos_old_hovel, layout_basic, mainiacjoe_overflow_paths,
          old_standard_altar, uniq_grinder, uniq_robin

Skill      XL: |  1  2  3  4 |
---------------+-------------+-----
Armour         | 1 |  1.0
Ranged Weapons | 5 6 |  6.7
Fighting       | 3 |  3.7
Dodging        | |  1.5
Stealth        | |  1.1

Action                     |  1- 3 |  4- 6 || total
---------------------------+-------+-------++-------
   Fire: Shortbow          |    94 |    84 ||   178
    Use: Scroll            |     4 |     6 ||    10
 Armour: Leather armour    |     4 |       ||     4
         Ring mail         |    20 |    68 ||    88
  Dodge: Dodged            |    24 |    45 ||    69

Table legend:
 A = Non-vault XP
 B = Vault XP
 C = Vault XP percentage of total XP
 D = Non-vault monster count
 E = Vault monster count
 F = Vault count percentage of total count
                 A         B        C        D         E       F
            +---------+---------+-------+---------+---------+-------
      Total |      89 |     340 |  79.3 |      39 |       7 |  15.2
            +---------+---------+-------+---------+---------+-------
        D:1 |      25 |       0 |   0.0 |      15 |       0 |   0.0
        D:2 |      50 |     321 |  86.5 |      16 |       4 |  20.0
        D:3 |      14 |      19 |  57.6 |       8 |       3 |  27.3
            +---------+---------+-------+---------+---------+-------
